 Dungeon Crawl Stone Soup version 0.28-a0-779-g3d1f99b579 (webtiles) character file.

Game seed: 12189531373602057538

1859 kae the Cleaver (level 9, -2/79 HPs)
             Began as a Hill Orc Cinder Acolyte on Nov 2, 2021.
             Was a High Priest of Ignis.
             Slain by an ice beast (9 damage)
             ... on level 5 of the Dungeon.
             The game lasted 00:07:32 (10173 turns).

kae the Cleaver (Hill Orc Cinder Acolyte)          Turns: 10173, Time: 00:07:33

Health: -2/79      AC:  2    Str: 20    XL:     9   Next: 13%
Magic:  1/14       EV: 11    Int: 14    God:    Ignis [*****.]
Gold:   19         SH:  5    Dex:  6    Spells: 13/15 levels left

rFire   + . .      SeeInvis .   c - +0 battleaxe (venom)
rCold   . . .      Faith    .   (shield currently unavailable)
rNeg    . . .      Spirit   .   b - +0 robe
rPois   .          Reflect  +   (no helmet)
rElec   .          Harm     .   (no cloak)
rCorr   .          Rampage  .   (no gloves)
Will    .....                   (no boots)
Stlth   +.........              k - amulet of reflection
HPRegen 0.23/turn               (no ring)
MPRegen 0.14/turn               (no ring)

@: very slightly contaminated
A: no striking features
a: Renounce Religion, Sea of Fire, Foxfire Swarm, Rising Flame


You were on level 5 of the Dungeon.
You worshipped Ignis.
Ignis was extremely pleased with you.
You visited 1 branch of the dungeon, and saw 5 of its levels.
You also visited: Sewer.

You collected 338 gold pieces.
You spent 319 gold pieces at shops.

Inventory:

Hand Weapons
 a - a -1 hand axe of venom
 c - a +0 battleaxe of venom (weapon)
Missiles
 g - a throwing net (quivered)
Armour
 b - a +0 robe (worn)
Jewellery
 k - an amulet of reflection (around neck)
Scrolls
 d - 3 scrolls of blinking
 e - 2 scrolls of magic mapping
 f - 3 scrolls of enchant weapon {unknown}
 h - 4 scrolls of teleportation
 i - a scroll of immolation
 l - 5 scrolls of fog
Potions
 j - 4 potions of degeneration
 o - a potion of resistance
 p - a potion of haste
 q - a potion of magic {unknown}
 r - a potion of heal wounds
 s - a potion of cancellation {unknown}


   Skills:
 + Level 7.1 Fighting
 * Level 10.3 Axes
 + Level 3.9 Spellcasting
 + Level 6.6 Fire Magic


You had 13 spell levels left.
You knew the following spells:

 Your Spells              Type           Power      Damage    Failure   Level
a - Scorch                Fire           42%        2d7       1%          2

Your spell library contained the following spells:

 Spells                   Type           Power      Damage    Failure   Level
 Beastly Appendage        Tmut           4%         N/A       21%         1
 Shock                    Conj/Air       8%         1d3       21%         1
 Ensorcelled Hibernation  Hex/Ice        4%         N/A       30%         2
 Wereblood                Tmut           2%         N/A       30%         2
 Spider Form              Tmut/Pois      2%         N/A       52%         3
 Swiftness                Air            2%         N/A       52%         3
 Tukima's Dance           Hex            2%         N/A       52%         3
 Airstrike                Air            1%         N/A       89%         4


Dungeon Overview and Level Annotations

Branches:
Dungeon (5/15)              Sewer (visited)
 Temple: D:4-7

Altars:
Hepliaklqana

Shops:
D:5 ?

Annotations:
D:3 Grinder


Message History

The centaur is heavily wounded.
The centaur unwields a +0 shortbow.
The centaur hits you. The centaur closely misses you.
You block the centaur's attack. The centaur misses you.
You slash the centaur!
You kill the centaur!
You hit the water moccasin skeleton.
You destroy the water moccasin skeleton!
You block the bullfrog's attack.
You slash the bullfrog!
You kill the bullfrog!
You catch the helpless centaur skeleton completely off-guard!
You hit the centaur skeleton. The centaur skeleton hits you.
The centaur skeleton barely misses you. The centaur skeleton hits you.
The centaur skeleton misses you.
You hit the ice beast.
The ice beast is moderately wounded.
You slash the centaur skeleton!
You flicker back into view.
The ice beast barely misses you. The centaur skeleton hits you.
The centaur skeleton kicks you.
You barely miss the ice beast.
The ice beast is moderately wounded.
You slash the centaur skeleton! The centaur skeleton hits you.
The centaur skeleton kicks you. The ice beast hits you.
The ice beast freezes you!
* * * LOW HITPOINT WARNING * * *
The centaur skeleton hits you.
* * * LOW HITPOINT WARNING * * *
The centaur skeleton kicks you.
* * * LOW HITPOINT WARNING * * *
The ice beast closely misses you.
You hit the ice beast.
The ice beast is poisoned.
The ice beast is moderately wounded.
You slash the centaur skeleton!
You destroy the centaur skeleton!
The ice beast hits you.
* * * LOW HITPOINT WARNING * * *
The ice beast freezes you!
You die...

#...........).........# #.#.
#.........####..###...# #...
#........##..##.# #...######
#........#..(.#.###.........
#........#)...#..##...######
####..#####†.##..###########
#...##.###)##...# #.....
#...#...'.#####.## #.....
#...##.###@(..##.# #.....
#....#'#.#.Y..?#.## #.....
#........#[)...#..####.....
####...#.#.?!!$#...........
#...#.##$..##...........
#...#*.#####............
#...#*#.................
###...###.#..........#####
#......##............#####


You could see an ice beast (very poisoned).

Vanquished Creatures
  A necrophage (D:5)
  A black bear (D:5)
  2 ogres
  2 centaurs (D:5)
  A phantom (D:4)
  2 scorpions
  3 bullfrogs
  A water moccasin skeleton (D:5)
  3 howler monkeys (D:4)
  2 jellies
  An orc priest (D:4)
  A centaur skeleton (D:5)
  3 iguanas
  3 orc wizards
  Robin (D:2)
  22 gnolls (D:4)
  12 adders
  5 river rats (Sewer)
  A shadow imp (D:5)
  An adder skeleton (D:5)
  A worm (D:4)
  A dart slug (D:1)
  23 orcs
  10 ball pythons
  8 endoplasms
  12 giant cockroaches
  10 hobgoblins
  15 jackals
  7 kobolds
  7 quokkas
  6 bats
  2 frilled lizards (Sewer)
  17 goblins
  29 rats
216 creatures vanquished.

Vanquished Creatures (others)
  A necrophage (D:5)
  A centaur (D:5)
  A scorpion (D:5)
  An orc priest (D:5)
  An iguana (D:5)
  A plant (D:4)
6 creatures vanquished.

Grand Total: 222 creatures vanquished

Notes
Turn   | Place    | Note
-------+----------+-------------------------------------------
     0 | D:1      | kae the Hill Orc Cinder Acolyte began the quest for the
                  | Orb.
     0 | D:1      | Reached XP level 1. HP: 19/19 MP: 2/2
   141 | D:1      | Found a faded altar of an unknown god.
   173 | D:1      | Reached XP level 2. HP: 12/27 MP: 3/3
  1302 | D:1      | Reached XP level 3. HP: 27/33 MP: 4/4
  1312 | D:1      | Learned a level 2 spell: Scorch
  2385 | D:2      | Noticed Robin
  2694 | D:2      | Reached skill level 5 in Axes
  2758 | D:2      | Reached XP level 4. HP: 40/40 MP: 3/6
  3110 | D:2      | Killed Robin
  4245 | D:3      | Noticed Grinder
  4250 | D:3      | Identified a scroll of acquirement
  4250 | D:3      | Acquired a +0 battleaxe of venom
  4250 | D:3      | Paralysed by Grinder for 5 turns
  4258 | D:3      | HP: 2/40 [Grinder (5)]
  4890 | D:4      | Reached XP level 5. HP: 16/47 MP: 1/7
  5371 | D:4      | Reached skill level 6 in Axes
  5418 | D:4      | Reached XP level 6. HP: 53/53 MP: 9/9
  5673 | D:4      | Found a hazy altar of Hepliaklqana.
  5822 | D:4      | Reached skill level 5 in Fighting
  5867 | D:4      | Reached skill level 7 in Axes
  5867 | D:4      | Reached XP level 7. HP: 59/61 MP: 3/10
  6129 | D:4      | Reached skill level 5 in Fire Magic
  6769 | D:4      | Reached skill level 8 in Axes
  7225 | D:4      | Reached XP level 8. HP: 44/70 MP: 9/12
  7472 | D:5      | Entered Level 5 of the Dungeon
  7990 | D:5      | Found Xonyokac's Magic Scroll Shop.
  7993 | D:5      | Bought 2 scrolls of magic mapping for 77 gold pieces
  7993 | D:5      | Bought a scroll of teleportation for 33 gold pieces
  7993 | D:5      | Bought 2 scrolls of fog for 44 gold pieces
  7993 | D:5      | Bought a scroll of teleportation for 33 gold pieces
  7993 | D:5      | Bought a scroll of teleportation for 33 gold pieces
  7993 | D:5      | Bought a scroll of teleportation for 33 gold pieces
  7993 | D:5      | Bought a scroll of teleportation for 33 gold pieces
  7993 | D:5      | Bought a scroll of teleportation for 33 gold pieces
  8044 | D:5      | Found a glowing drain.
  8062 | Sewer    | Entered a sewer
  8671 | Sewer    | Reached skill level 9 in Axes
 10146 | D:5      | Reached skill level 10 in Axes
 10146 | D:5      | Reached XP level 9. HP: 78/78 MP: 14/14
 10173 | D:5      | Slain by an ice beast

Illustrated notes

Levels and vault maps discovered:
D:1:      doesnt_arrival_eight_statues, layout_basic,
          shapermc_ecumenical_altar_venn
D:2:      layout_rooms, uniq_robin
D:3:      layout_basic, uniq_grinder
D:4:      lemuel_castle_with_subvaults [lemuel_castle_interior_carwin_3],
          layout_loops_ring, worldfamousw_hep_ancestral_shrine,
          hangedman_decor_diamond_cutter, minmay_misc_feat_plants
D:5:      layout_basic, portal_sewer_entry_f, serial_shops,
          nicolae_shop_behind_doors, kennysheep_decorative_pillar,
          roderic_lattice_a, minmay_joined_circles

Skill      XL: |  1  2  3  4  5  6  7  8  9 |
---------------+----------------------------+-----
Fighting       | 4 5 6 7 |  7.1
Axes           | 5 6 7 8 10 | 10.3
Fire Magic     | 4 5 6 |  6.6
Spellcasting   | 2 3 |  3.9

Action                   |  1- 3 |  4- 6 |  7- 9 || total
-------------------------+-------+-------+-------++-------
Melee: Hand axe          |   100 |    29 |       ||   129
       Battleaxe         |       |    28 |   149 ||   177
 Cast: Scorch            |    24 |    49 |    93 ||   166
  Use: Scroll            |       |     5 |     8 ||    13
       Potion            |       |     2 |     5 ||     7
 Stab: Invisible         |       |       |     2 ||     2
Armor: Robe              |    26 |    20 |    21 ||    67
Dodge: Dodged            |    75 |    52 |   137 ||   264
Block: Other             |       |    20 |    55 ||    75
       Reflection        |       |     1 |     3 ||     4

Table legend: (Time is in decaauts)
 A = Elapsed time spent in this place.
 B = Non-inter-level travel time spent in this place.
 C = Inter-level travel time spent in this place.
 D = Time resting spent in this place.
 E = Time spent auto-exploring this place.
 F = Levels seen in this place.
 G = Mean time per level.
                   A        B        C        D        E       F      G
               +--------+--------+--------+--------+--------+-----+--------+
         Total |  10322 |  10130 |    192 |    835 |   7752 |   6 | 1720.3 |
       Dungeon |   9256 |   9064 |    192 |    801 |   6974 |   5 | 1851.2 |
         Sewer |   1066 |   1066 |      0 |     34 |    777 |   1 | 1066.0 |
               +--------+--------+--------+--------+--------+-----+--------+

Top non-repeatable levels by time:
     D:1: 2813 daAuts
     D:4: 2778 daAuts
     D:5: 1723 daAuts
     D:3: 1404 daAuts
   Sewer: 1066 daAuts
     D:2: 536 daAuts
